 Dungeon Crawl Stone Soup version 0.32-a0-902-gb4fc452 (webtiles) character file.

Game seed: 8261109077571561137

118234 RaineAsh the Warrior (level 16, -8/187 HPs)
             Began as an Oni Brigand on Mar 28, 2024.
             Was the Champion of Dithmenos.
             Splashed by a goliath frog's acid (9 damage)
             ... on level 4 of the Swamp on Apr 5, 2024.
             The game lasted 02:42:26 (28711 turns).

RaineAsh the Warrior (Oni Brigand)                 Turns: 28711, Time: 02:42:27

Health: -8/187     AC: 11    Str: 27    XL:     16   Next: 76%
Magic:  30/30      EV:  8    Int: 19    God:    Dithmenos [******]
Gold:   1847       SH:  0    Dex: 11    Spells: 8/35 levels left

rFire   + + .        a - +1 dire flail (freeze)
rCold   . . .        (shield currently unavailable)
rNeg    . . .        y - +1 fire dragon scales
rPois   .            Z - +2 hat
rElec   .            c - +1 cloak "Enaeg" {rC+ SInv}
rCorr   .            (gloves unavailable)
SInv    +            (boots unavailable)
Will    +....        K - amulet of regeneration
Stlth   ++           R - +6 ring of intelligence
HPRegen 1.31/turn    P - +4 ring of protection
MPRegen 0.22/turn

%: no passive effects
@: corroded, wreathed by umbra
A: large, unfitting armour, horns 1, tough skin 1, double potion healing,
drunken brawling, thin skeletal structure 1, see invisible, strong 1
a: Renounce Religion, Shadow Step, Shadow Form


You were on level 4 of the Swamp.
You worshipped Dithmenos.
Dithmenos was exalted by your worship.
You visited 6 branches of the dungeon, and saw 27 of its levels.
You also visited: Ossuary.

You collected 2627 gold pieces.
You spent 780 gold pieces at shops.

Inventory:

Hand Weapons
 a - a +1 dire flail of freezing (weapon)
   (You took it off a wight on level 8 of the Dungeon)
 b - a +0 morningstar
   (You took it off a gargoyle on level 12 of the Dungeon)
Missiles
 d - 21 poisoned darts
 i - 94 stones
 s - 3 boomerangs
 B - 13 large rocks
 J - 2 curare-tipped darts
 O - 3 throwing nets
 V - 10 javelins (quivered)
Armour
 c - the +1 cloak "Enaeg" (worn) {rC+ SInv}
   (You acquired it on level 3 of the Swamp)

   rC+:       It protects you from cold.
   SInv:      It lets you see invisible.
 y - +1 fire dragon scales (worn)
   (You found it on level 5 of the Dungeon)
 I - +0 steam dragon scales
   (You found it on level 8 of the Dungeon)
 T - a +2 robe of resistance
   (You took it off an orc wizard on level 10 of the Dungeon)
 Z - a +2 hat (worn)
   (You took it off Gastronok on level 2 of the Lair of Beasts)
Jewellery
 h - a ring of resist corrosion
   (You found it on level 4 of the Dungeon)
 j - a ring of positive energy
   (You found it on level 1 of the Elven Halls)
 k - a ring of flight
   (You found it on level 2 of the Dungeon)
 K - an amulet of regeneration (around neck)
   (You found it on level 8 of the Dungeon)
 P - a +4 ring of protection (right hand)
   (You bought it in a shop on level 6 of the Dungeon)
 R - a +6 ring of intelligence (left hand)
   (You found it on level 10 of the Dungeon)
 U - the amulet "Siwkyu" {Acrobat Slay+5}
   (You acquired it on level 5 of the Lair of Beasts)

   [amulet of the acrobat]

   Acrobat:   It increases your evasion while moving and waiting.
   Slay+5:    It affects your accuracy & damage with ranged weapons and melee
   (+5).
Wands
 e - a wand of flame (101)
   (You took it off Sigmund on level 4 of the Dungeon)
 r - a wand of light (38)
   (You took it off Ijyb on level 5 of the Dungeon)
 u - a wand of charming (28)
   (You found it on level 7 of the Dungeon)
 v - a wand of polymorph (19)
   (You took it off Natasha on level 3 of the Dungeon)
 A - a wand of mindburst (14)
   (You found it on level 6 of the Dungeon)
 D - a wand of warping (12)
   (You took it off Duvessa on level 6 of the Dungeon)
Scrolls
 n - 2 scrolls of blinking
 o - 2 scrolls of butterflies
 w - 2 scrolls of revelation
 x - 4 scrolls of immolation
 F - 10 scrolls of teleportation
 G - 3 scrolls of enchant weapon
 H - a scroll of fear
 X - a scroll of fog
Potions
 f - 3 potions of resistance
 g - a potion of haste
 l - 8 potions of curing
 m - 4 potions of lignification
 p - 4 potions of invisibility
 q - 9 potions of might
 t - 10 potions of attraction
 z - 4 potions of mutation
 C - 4 potions of brilliance
 L - 3 potions of magic
 M - 4 potions of enlightenment
 N - 3 potions of berserk rage
 S - 2 potions of heal wounds
Miscellaneous
 E - a sack of spiders
   (You found it on level 1 of the Swamp)
 W - a phantom mirror
   (You found it on level 2 of the Lair of Beasts)
 Y - a Gell's gravitambourine (2/2)
   (You found it on level 3 of the Lair of Beasts)


   Skills:
 - Level 18.3 Fighting
 - Level 2.0 Short Blades
 + Level 15.0 Maces & Flails
 - Level 12.0 Throwing
 + Level 4.1 Armour
 - Level 6.0 Dodging
 - Level 3.0 Stealth
 - Level 10.0 Spellcasting
 + Level 5.5 Conjurations
 + Level 8.2 Fire Magic
 - Level 1.0 Air Magic
 + Level 8.2 Alchemy


You had 8 spell levels left.
You knew the following spells:

 Your Spells              Type           Power      Damage    Failure   Level
a - Mercury Vapours       Alch/Air       54%        N/A       4%          2
b - Irradiate             Conj/Alch      17%        3d17      30%         5
c - Call Imp              Summ           18%        N/A       28%         2
f - Sticky Flame          Fire/Alch      40%        2d8       6%          4
i - Ignite Poison         Fire/Alch      40%        N/A       6%          4
o - Olgreb's Toxic Radia  Alch           40%        N/A       6%          4
s - Scorch                Fire           80%        2d8       1%          2
w - Flame Wave            Conj/Fire      35%        2d10      11%         4

Your spell library contained the following spells:

 Spells                   Type           Power      Damage    Failure   Level
 Sting                    Conj/Alch      100%       1d9       1%          1
 Shock                    Conj/Air       88%        1d8       4%          1
 Cigotuvi's Dreadful Rot  Necr/Alch/Air  42%        N/A       9%          2
 Inner Flame              Hex/Fire       25%        N/A       11%         3
 Sublimation of Blood     Necr           9%         N/A       28%         2
 Fireball                 Conj/Fire      17%        3d9       30%         5
 Petrify                  Alch/Erth      25%        N/A       34%         4
 Maxwell's Portable Pile  Tloc           9%         2d(6-16)  50%         3
 Sigil of Binding         Hex            9%         N/A       50%         3
 Arcjolt                  Conj/Air       11%        1d21      80%         5
 Cause Fear               Hex            4%         N/A       88%         4
 Martyr's Knell           Necr/Summ      9%         N/A       88%         4
 Summon Forest            Summ/Tloc      4%         N/A       99%         5
 Summon Mana Viper        Hex/Summ       9%         N/A       99%         5
 Sculpt Simulacrum        Ice/Alch       12%        N/A       99%         6
 Death Channel            Necr           4%         N/A       100%        6
 Summon Cactus Giant      Summ           4%         N/A       100%        6
 Ignition                 Fire           20%        3d7       100%        8
 Maxwell's Capacitive Co  Air            6%         ∞         100%        8
 Chain Lightning          Conj/Air       11%        3d14      100%        9
 Dragon's Call            Summ           4%         N/A       100%        9


Dungeon Overview and Level Annotations

Branches:
Dungeon (13/15)            Temple (1/1) D:6            Lair (5/5) D:11
  Swamp (4/4) Lair:2        Snake (0/4) Lair:2        Slime (0/5) Lair:5
    Orc (2/2) D:10            Elf (2/3) Orc:2       Ossuary (visited)
 Vaults: D:13-14

Altars:
Ashenzari
Cheibriados
Dithmenos
Elyvilon
Fedhas
Gozag
Hepliaklqana
Kikubaaqudgha
Makhleb
Nemelex Xobeh
Okawaru
Qazlal
Ru
Sif Muna
Trog
Uskayaw
Vehumet
Wu Jian
Xom
Yredelemnul
Zin
The Shining One
Beogh
Jiyva

Shops:
D:1 ?   D:5 *   D:6 =   Orc:1 *   Orc:2 :(:(   Elf:2 (

Annotations:
D:3 2 transporters, Dega's ghost, amateur DsFi


Innate Abilities, Weirdness & Mutations

You are too large for most types of armour.
You have a pair of small horns on your head.
You have tough skin. (AC +1)
You gain doubled healing and magic from potions.
Whenever you drink a healing potion, you attack all around you.
You have a somewhat thin skeletal structure. (Dex +2, Stealth+)
You have supernaturally acute eyesight. (SInv)
Your muscles are strong. (Str +4, Int/Dex -1)


Message History

The spriggan rider is poisoned.
You kill the spriggan!
Dithmenos accepts your kill.
The hornet is poisoned.
You kill the hornet!
Dithmenos accepts your kill. The spriggan rider barely misses you.
You barely miss the spriggan rider.
The spriggan rider is severely wounded.
Your shadow completely misses the spriggan rider.
The spriggan rider hits you but does no damage.
You closely miss the spriggan rider.
Your headbutt misses the spriggan rider.
The spriggan rider is severely wounded.
Your shadow misses the spriggan rider.
The spriggan rider hits you with a +0 mace.
You take 1 damage.
You barely miss the spriggan rider. You headbutt the spriggan rider!
The spriggan rider is almost dead.
The spriggan rider looks even sicker.
You closely miss the spriggan rider.
Your headbutt misses the spriggan rider.
The spriggan rider is almost dead.
Your shadow closely misses the spriggan rider.
The spriggan rider hits you with a +0 mace.
You take 2 damage.
You hit the spriggan rider. You freeze the spriggan rider.
You kill the spriggan rider!
Dithmenos accepts your kill.
You kill the hornet!
Dithmenos accepts your kill.
You hear a splash.
Your toxic aura wanes.
You start resting.
HP restored.
Magic restored.
You enter the shallow water.
You enter the shallow water.
You enter the shallow water.
You now have 1812 gold pieces (gained 18).
You now have 1837 gold pieces (gained 25).
A bunyip comes into view.
Throw: 13 large rocks
Press: ? - help, Q - select action, (/) - cycle Shift-Dir - straight line, f - bunyip
Aim: a bunyip (asleep, umbra, 98% to hit)
You throw a large rock. The large rock hits the bunyip!!!
The bunyip is severely wounded.
Your shadow shoots a large rock.
The large rock hits the bunyip!!
Throw: 12 large rocks
Press: ? - help, Q - select action, (/) - cycle Shift-Dir - straight line, f/p - bunyip
Aim: a bunyip (almost dead, umbra, 70% to hit)
You throw a large rock.
The large rock closely misses the bunyip.
Throw: 11 large rocks
Press: ? - help, Q - select action, (/) - cycle Shift-Dir - straight line, f/p - bunyip
Aim: a bunyip (almost dead, umbra, 70% to hit)
You throw a large rock. The large rock hits the bunyip!!!
You kill the bunyip!
Dithmenos accepts your kill.
A spriggan druid comes into view. It is wielding a +0 quarterstaff.
A bloated husk comes into view.
Throw: 10 large rocks
Press: ? - help, Q - select action, (/) - cycle Shift-Dir - straight line, f - bloated husk
Aim: a bloated husk (umbra, 83% to hit)
You throw a large rock.
The large rock barely misses the bloated husk.
Casting: Ignite Poison (mildly dangerous; 7% risk of failure)
Confirm with . or Enter, or press ? or * to list all spells.
You begin to radiate toxic energy.
The spriggan druid shouts!
The spriggan druid is poisoned.
The spriggan druid looks even sicker.
The spriggan druid mumbles some strange words.
The forest starts to sway and rumble!
Casting: Olgreb's Toxic Radiance (mildly dangerous; 7% risk of failure)
Confirm with . or Enter, or press ? or * to list all spells.
Casting: Flame Wave (mildly dangerous; 12% risk of failure)
Press: ? - help, Dir - look around, f - activate A wave of flame ripples out! (Press . to intensify the flame waves.)
The spriggan druid looks even sicker.
A wave of flame ripples out!
The mangrove smoulders and burns.
The flame wave engulfs the bloated husk!
The bloated husk is moderately damaged.
The spriggan druid looks as sick as possible!
The bloated husk explodes!
The blast of putrescent gases engulfs you!
You take 7 damage.
A wave of flame ripples out!
The mangrove smoulders and burns.
You finish channelling waves of flame.
Your toxic aura wanes.
You feel roots moving beneath the ground.
Tree limbs sway around you.
The spriggan druid calls out to the beasts of the wild!
Tree limbs sway around you.
The spriggan druid is engulfed in a cloud of scalding steam.
The spriggan druid hits you but does no damage.
You hit the spriggan druid but do no damage.
The spriggan druid is heavily wounded.
The spriggan druid is engulfed in a cloud of scalding steam.
The spriggan druid hits you with a +0 quarterstaff!
You take 6 damage.
You miss the spriggan druid.
The spriggan druid is severely wounded.
The spriggan druid is engulfed in a cloud of scalding steam.
The spriggan druid hits you but does no damage.
A ghost crab comes into view.
You completely miss the spriggan druid.
The spriggan druid is almost dead.
You impale the spriggan druid!! You freeze the spriggan druid.
You kill the spriggan druid!
Dithmenos accepts your kill.
The forest abruptly stops moving.
Found 10 gold pieces.
Things that are here:
a +0 quarterstaff; a +0 robe; a spriggan corpse The ghost crab bites you but does no damage.
The ghost crab claws you.
You take 4 damage.
You impale the ghost crab!! You freeze the ghost crab.
The ghost crab is heavily damaged.
The ghost crab breathes spectral mist at you.
The spectral mist engulfs you.
You hit the ghost crab. You freeze the ghost crab. You headbutt the ghost crab.
The ghost crab is heavily damaged.
You are engulfed in spectral mist.
You hit the ghost crab but do no damage.
The ghost crab is heavily damaged.
You are engulfed in spectral mist.
The ghost crab barely misses you. The ghost crab claws you.
You take 1 damage.
You sock the ghost crab! You freeze the ghost crab.
The ghost crab is severely damaged.
You are engulfed in spectral mist.
The spectral death drake bites you but does no damage.
You take 5 damage.
You impale the ghost crab!! You freeze the ghost crab.
You destroy the ghost crab!
Dithmenos accepts your kill.
The spectral death drake fades away!
You are engulfed in spectral mist.
A goliath frog comes into view.
You take 5 damage.
You are engulfed in spectral mist.
You take 1 damage.
The goliath frog barely misses you.
The goliath frog hits you but does no damage.
The goliath frog hits you.
You are splashed with acid!
You see here a large rock.
You take 13 damage.
You bludgeon the goliath frog!! You freeze the goliath frog.
The goliath frog is severely wounded.
You hit the goliath frog. You freeze the goliath frog.
You headbutt the goliath frog.
You kill the goliath frog!
Dithmenos accepts your kill.
B - 10 large rocks (gained 1)
Things that are here:
a +0 quarterstaff; a +0 robe; a spriggan corpse
B - 11 large rocks (gained 1);
w - 2 scrolls of revelation (gained 1)
B - 12 large rocks (gained 1)
A swamp worm comes into view.
You see here a large rock.
A swamp worm is nearby!
B - 13 large rocks (gained 1)
The swamp worm bites you!
You take 9 damage.
You puncture the swamp worm! You freeze the swamp worm.
The swamp worm is moderately wounded.
The swamp worm barely misses you.
You impale the swamp worm!! You freeze the swamp worm.
You kill the swamp worm!
Dithmenos accepts your kill.
You see here a swamp worm corpse.
You now have 1847 gold pieces (gained 10).
You enter the shallow water.
You enter the shallow water.
You enter the shallow water.
Found a falchion.
You enter the shallow water.
A bloated husk comes into view.
A bloated husk is nearby!
The bloated husk explodes!
The blast of putrescent gases engulfs you!!
You take 24 damage.
You see here a +0 falchion.
You enter the shallow water.
A bunyip comes into view.
The bunyip gives a hideous shriek!
Found a stone staircase leading down.
The bunyip barely misses you. The bunyip claws you!!
The bunyip claws you but does no damage.
You take 22 damage.
You closely miss the bunyip. You thump the bunyip! You freeze the bunyip.
You headbutt the bunyip.
The bunyip is moderately wounded.
You closely miss the bunyip. You headbutt the bunyip.
The bunyip is moderately wounded.
Your shadow hits the bunyip with a dire flail.
You barely miss the bunyip. You headbutt the bunyip!
The bunyip is heavily wounded.
Your shadow hits the bunyip with a dire flail.
You hit the bunyip. You freeze the bunyip.
The bunyip is severely wounded.
Your shadow hits the bunyip with a dire flail.
The bunyip claws you! x2; The bunyip claws you!!
You take 44 damage.
You hit the bunyip but do no damage.
The bunyip is severely wounded.
Your shadow closely misses the bunyip.
You hit the bunyip but do no damage.
You headbutt the bunyip, but do no damage.
The bunyip is severely wounded.
Your shadow hits the bunyip with a dire flail!
You barely miss the bunyip.
You headbutt the bunyip, but do no damage.
The bunyip is almost dead.
You bludgeon the bunyip!! You freeze the bunyip.
You kill the bunyip!
Dithmenos accepts your kill.
Your Maces & Flails skill increases to level 15!
Your Armour skill increases to level 4!
L - 3 potions of magic (gained 1)
There is a stone staircase leading down here.
You enter the shallow water.
You enter the shallow water.
You pick up a book of the Dragon and begin reading...
You add the spells Cause Fear, Fireball and Dragon's Call to your library.
Okay, then.
Okay, then.
Okay, then.
You enter the shallow water.
You enter the shallow water.
You enter the shallow water.
You enter the shallow water.
You enter the shallow water.
You enter the shallow water.
You enter the shallow water.
You enter the shallow water.
You enter the shallow water.
You enter the shallow water.
You enter the shallow water.
An eleionoma comes into view.
The eleionoma shouts!
Throw: 13 large rocks
Press: ? - help, Q - select action, (/) - cycle Shift-Dir - straight line, f - eleionoma
Aim: an eleionoma (umbra, 70% to hit)
You throw a large rock.
The large rock closely misses the eleionoma.
You hear a splash.
The eleionoma flows through the trees.
You barely miss the eleionoma. You headbutt the eleionoma.
The eleionoma is lightly wounded.
Your shadow hits the eleionoma with a dire flail!
You hit the eleionoma but do no damage. Your headbutt misses the eleionoma.
The eleionoma is lightly wounded.
Your shadow hits the eleionoma with a dire flail.
The eleionoma hits you but does no damage.
You hit the eleionoma but do no damage.
The eleionoma is lightly wounded.
Your shadow hits the eleionoma but does no damage.
You impale the eleionoma!! You freeze the eleionoma.
You headbutt the eleionoma, but do no damage.
The eleionoma is heavily wounded.
The eleionoma hits you!
You take 13 damage.
You hit the eleionoma. You freeze the eleionoma. You headbutt the eleionoma!
The eleionoma is severely wounded.
The eleionoma barely misses you.
You closely miss the eleionoma.
The eleionoma is severely wounded.
Your shadow hits the eleionoma with a dire flail.
You closely miss the eleionoma. You headbutt the eleionoma!
The eleionoma is severely wounded.
The eleionoma touches a tree and draws upon its vitality.
The eleionoma is healed.
You puncture the eleionoma! You freeze the eleionoma.
The eleionoma is lightly wounded.
Your shadow hits the eleionoma with a dire flail.
You barely miss the eleionoma.
The eleionoma is moderately wounded.
The eleionoma hits you.
You take 1 damage.
You impale the eleionoma!! You freeze the eleionoma.
You headbutt the eleionoma!
The eleionoma is heavily wounded.
Your shadow hits the eleionoma with a dire flail.
The eleionoma hurls a spray of splinters at you.
The spray of wooden splinters hits you!
You take 15 damage.
You thump the eleionoma! You freeze the eleionoma!
You headbutt the eleionoma, but do no damage.
The eleionoma is almost dead.
You puncture the eleionoma! You freeze the eleionoma.
You kill the eleionoma!
Dithmenos accepts your kill.
You enter the shallow water.
You enter the shallow water.
B - 13 large rocks (gained 1)
You enter the shallow water.
You enter the shallow water.
You enter the shallow water.
You enter the shallow water.
There is a stone staircase leading down here.
You enter the shallow water.
You enter the shallow water.
You enter the shallow water.
You see here a ring of positive energy.
You enter the shallow water.
You enter the shallow water.
You enter the shallow water.
You enter the shallow water.
You enter the shallow water.
You enter the shallow water.
There is a stone staircase leading up, spattered with blood here.
You enter the shallow water.
There is a stone staircase leading up here.
You enter the shallow water.
You enter the shallow water.
Done exploring.
Done exploring.
Search for what [Enter for "."]? .
Unknown command.
Search for what [Enter for "."]? shield Unknown command.
There is a stone staircase leading up here.
There is a stone staircase leading down here.
You climb downwards.
Found a scroll of torment.
There is a stone staircase leading up here.
Press: ? - help, v - describe, . - travel
Here: a bog body (umbra) Some shallow water.
Casting: Flame Wave (mildly dangerous; 11% risk of failure)
Confirm with . or Enter, or press ? or * to list all spells.
Flames lash the bog body.
The bog body resists.
The bog body is lightly damaged.
The bog body's fire resistance burns away.
The bog body is engulfed in a cloud of scalding steam.
The bog body casts a spell at you. The bolt of cold hits you!!
You take 20 damage.
Casting: Scorch (safe; 1% risk of failure)
Confirm with . or Enter, or press ? or * to list all spells.
Casting: Flame Wave (mildly dangerous; 11% risk of failure)
Press: ? - help, Dir - look around, f - activate A wave of flame ripples out!
The mangrove smoulders and burns. (Press . to intensify the flame waves.)
The bog body is engulfed in a cloud of scalding steam.
The bog body points at you and mumbles some strange words.
You hear a sizzling sound!
A wave of flame ripples out!
The mangrove smoulders and burns.
The flame wave engulfs the bog body!
The bog body is severely damaged.
You hear a shout! x4; You hear a hideous shriek!
The bog body is no longer more vulnerable to fire.
The bog body gestures at you while chanting.
You easily resist.
A wave of flame ripples out!
The flame wave engulfs the bog body.
The bog body resists.
The bog body is almost destroyed.
The mangrove smoulders and burns.
You finish channelling waves of flame.
The bog body points at you and mumbles some strange words.
The bolt of cold hits you!!
You hear a sizzling sound!
You take 33 damage.
The bog body touches you but does no damage.
You barely miss the bog body. You headbutt the bog body.
You destroy the bog body!
Dithmenos accepts your kill.
A bunyip comes into view.
A bunyip is nearby!
There is a stone staircase leading up here.
The bunyip howls a warning cry!
You hear an angry hiss.
You hear a shout! x2
You see here a scroll of torment.
There is a stone staircase leading up here.
The bunyip claws you! The bunyip barely misses you. The bunyip claws you.
You take 12 damage.
You closely miss the bunyip. Your headbutt misses the bunyip.
Your shadow hits the bunyip with a dire flail.
You bludgeon the bunyip!! You freeze the bunyip!
The bunyip is heavily wounded.
You barely miss the bunyip. Your headbutt misses the bunyip.
The bunyip is heavily wounded.
Your shadow hits the bunyip but does no damage.
You hit the bunyip but do no damage.
The bunyip is heavily wounded.
You bludgeon the bunyip!! You freeze the bunyip!
The bunyip is almost dead.
Your shadow hits the bunyip with a dire flail.
The bunyip howls a warning cry!
You hear a shout! x3; You hear an angry hiss.
You hear a shout! x2
You barely miss the bunyip.
The bunyip is almost dead.
The bunyip claws you! x2; The bunyip completely misses you.
You take 30 damage.
You barely miss the bunyip.
The bunyip is almost dead.
Your shadow completely misses the bunyip.
You closely miss the bunyip.
The bunyip is almost dead.
Your shadow completely misses the bunyip.
You barely miss the bunyip.
The bunyip is almost dead.
You bludgeon the bunyip!! You freeze the bunyip.
You kill the bunyip!
Dithmenos accepts your kill.
You start resting.
A thorn hunter comes into view.
A thorn hunter is nearby!
You climb upwards.
There is a stone staircase leading down here.
You start resting.
Magic restored.
HP restored.
You enter the shallow water.
There is a stone staircase leading up, spattered with blood here.
You enter the shallow water.
You see here a +2 cloak.
There is a stone staircase leading down here.
You climb downwards.
A goliath frog comes into view.
Found 50 gold pieces, a serpent talisman and a robe.
There is a stone staircase leading up here.
A goliath frog and a spriggan druid come into view.
Found a potion of curing.
There is a stone staircase leading up here.
Throw: 11 javelins
Press: ? - help, Q - select action, (/) - cycle Shift-Dir - straight line, f - goliath frog
Aim: a goliath frog (umbra, 54% to hit)
You throw a javelin.
The javelin pierces through the swamp worm!!
The swamp worm is severely wounded.
The javelin closely misses the goliath frog.
The swamp worm fires a harpoon shot at you.
The harpoon shot hits you.
You are yanked forward by the harpoon shot.
Splash!
You fall into the shallow water.
A swamp dragon comes into view.
The goliath frog barely misses you.
The spriggan druid shouts!
The swamp dragon roars deafeningly!
You take 6 damage.
You miss the swamp worm.
You headbutt the swamp worm, but do no damage.
The swamp worm is severely wounded.
Your shadow hits the swamp worm but does no damage.
The swamp worm bites you but does no damage.
You hit the swamp worm. You freeze the swamp worm. You headbutt the swamp worm.
The swamp worm is almost dead.
The goliath frog barely misses you.
The swamp worm bites you but does no damage.
The goliath frog hits you but does no damage.
The goliath frog attacks as it pursues you!
The goliath frog hits you from afar!
You are splashed with acid.
The swamp worm fires a harpoon shot at you.
The harpoon shot hits you!
You are yanked forward by the harpoon shot.
Splash!
You fall into the shallow water.
The spriggan druid casts a spell.
The forest starts to sway and rumble!
The goliath frog hits you. The acid corrodes you!
You are splashed with acid!
You take 39 damage.
A spriggan rider comes into view.
It is wielding a +0 spear and quivering curare-tipped darts.
A tree reaches out and hits you! The goliath frog hits you from afar!
You are splashed with acid!
The swamp worm fires a harpoon shot at you.
The harpoon shot hits you!
You are yanked forward by the harpoon shot.
Splash!
You fall into the shallow water.
The spriggan druid calls out to the beasts of the wild!
The goliath frog barely misses you.
A spriggan druid comes into view.
It is wielding a +0 quarterstaff and wearing a +2 robe of willpower.
The spriggan rider moves out of view.
The spriggan druid shouts!
You take 45 damage.
You are hit by a branch!
The goliath frog hits you from afar!
You are splashed with acid!
* * * LOW HITPOINT WARNING * * *
The goliath frog closely misses you.
You take 30 damage.
A spriggan rider comes into view. It is wielding a +0 spear.
You are hit by a branch!
* * * LOW HITPOINT WARNING * * *
The swamp worm fires a harpoon shot at you.
The harpoon shot hits you but does no damage.
The spriggan druid calls out to the beasts of the wild!
A swamp drake comes into view.
The goliath frog hits you!!
* * * LOW HITPOINT WARNING * * *
The acid corrodes you!
You are splashed with acid!
* * * LOW HITPOINT WARNING * * *
There is a stone staircase leading up, spattered with blood here.
You take 38 damage.
A root smacks you from below!!
* * * LOW HITPOINT WARNING * * *
The goliath frog hits you!
* * * LOW HITPOINT WARNING * * *
You are splashed with acid!
You die...

~.~ ♣♣♣♣♣♣..~.
♣♣....~.~~~
♣♣~~~~..~§.[
♣♣.§§~§.!~~.~ ~
♣~.~..~♣~~~..
~~.♣♣.~~§F♣..~~§~
~~§~$i~Fw@.$%i~~~
~~k.~~~~♣♣..~~~~§
~~..~~~~♣ ~♣♣.~~~
...~~D... ♣♣ .~.
~.(.~~♣..♣ ♣
~..~~.♣♣.. ..i~♣♣
~~~ .~~♣ ♣♣. i.♣
~.


You could see a swamp dragon, a spriggan rider, 2 spriggan druids, 2 goliath
frogs, a swamp worm and a swamp drake.

Vanquished Creatures
  Gastronok (Lair:2)
  A thorn hunter (Swamp:1)
  A deep elf demonologist (Elf:1)
  5 eleionomae
  4 bunyips
  A dire elephant (Lair:5)
  An ettin (Orc:1)
  Snorg (D:10)
  Harold (D:10)
  10 hydras
  2 ogre magi
  Fannar (D:12)
  Erolcha (D:10)
  9 two-headed ogres
  A spriggan air mage (Swamp:1)
  2 ghost crabs
  3 catoblepae
  2 centaur warriors (D:13)
  4 alligators
  3 dancing weapons
  4 death yaks (Lair:5)
  A deep troll shaman (Lair:5)
  3 orc high priests (Orc:2)
  A skyshark (Lair:5)
  2 deep elf knights (Elf:1)
  4 deep elf archers
  7 spriggan druids
  A goliath frog (Swamp:3)
  A glowing orange brain (D:13)
  3 bog bodies
  A swamp dragon (Swamp:3)
  An obsidian bat (Orc:1)
  11 deep elf pyromancers
  A lindwurm (Lair:5)
  6 orc sorcerers
  An oklob plant (D:11)
  4 orc knights (Orc:2)
  7 deep elf zephyrmancers
  4 ugly things
  3 cyclopes
  A salamander (Lair:2)
  A will-o-the-wisp (Swamp:3)
  3 meliai (D:13)
  2 kobold blastminers
  5 elephants (Lair:5)
  5 black mambas
  A gargoyle (D:12)
  19 cane toads
  3 rime drakes
  12 komodo dragons
  A kobold demonologist (D:10)
  Psyche (D:12)
  3 polar bears
  5 trolls
  9 hornets
  A bloated husk (Swamp:1)
  A blink frog (shapeshifter) (D:13)
  18 blink frogs
  5 tyrant leeches
  Sigmund (D:4)
  5 wyverns
  3 wraiths
  7 basilisks
  8 spriggans
  57 yaks
  2 wargs (Orc:2)
  3 water elementals
  6 steam dragons
  7 vampire mosquitoes (D:12)
  8 swamp worms
  Duvessa (D:6)
  2 acid dragons
  22 water moccasins
  A swamp drake (D:8)
  20 orc warriors
  An ice beast (D:8)
  3 black bears
  30 wolves
  9 ogres
  8 centaurs
  9 bullfrogs
  2 kobold brigands
  Blork the orc (D:6)
  A gnoll sergeant (D:9)
  3 earth elementals (Elf:1)
  2 scorpions
  Dowan (D:6)
  3 wights (D:8)
  15 killer bees
  2 oklob saplings (D:8)
  4 howler monkeys
  An electric eel (D:10)
  3 bombardier beetles
  7 jellies
  A cerulean imp (D:6)
  4 lava snakes (Lair:2)
  4 hounds
  18 orc priests
  5 iguanas
  2 sleepcaps (D:5)
  Ijyb (D:5)
  Natasha (thrice) (D:3)
  28 orc wizards
  9 mummies
  8 gnolls
  10 adders
  A shadow imp (D:7)
  2 dart slugs
  3 ribbon worms
  66 orcs
  15 ball pythons
  6 bats
  7 endoplasms
  4 giant cockroaches
  3 gnoll zombies (Ossuary)
  5 goblins
  10 hobgoblins
  4 jackals (D:8)
  2 quokkas
  4 frilled lizards
  A hobgoblin zombie (Ossuary)
  17 kobolds
  2 kobold zombies (Ossuary)
  2 orc zombies (Ossuary)
  3 rats
724 creatures vanquished.

Vanquished Creatures (others)
  2 bloated husks (Swamp:3)
  An orc priest (Orc:2)
  An orc wizard (D:10)
  2 foxfires (Swamp:3)
6 creatures vanquished.

Grand Total: 730 creatures vanquished

Notes
Turn   | Place    | Note
-------+----------+-------------------------------------------
     0 | D:1      | RaineAsh the Oni Brigand began the quest for the Orb.
     0 | D:1      | Reached XP level 1. HP: 22/22 MP: 1/1
    33 | D:1      | Reached skill level 3 in Fighting
    77 | D:1      | Found Dulaigh's Magic Scroll Emporium.
    96 | D:1      | Reached XP level 2. HP: 30/31 MP: 2/2
   196 | D:1      | Reached skill level 4 in Fighting
   506 | D:1      | Reached XP level 3. HP: 40/40 MP: 3/3
   858 | D:2      | Upgraded the game from 0.32-a0-868-g153ae1a to
                  | 0.32-a0-871-ge202e49
   858 | D:2      | Upgraded the game from 0.32-a0-871-ge202e49 to
                  | 0.32-a0-902-gb4fc452
   941 | D:2      | Reached skill level 5 in Fighting
  1526 | D:1      | Bought a scroll of identify for 24 gold pieces
  1526 | D:1      | Bought a scroll of blinking for 90 gold pieces
  1645 | D:3      | Reached XP level 4. HP: 30/50 MP: 4/4
  1719 | D:3      | Found a faded altar of an unknown god.
  1797 | D:3      | Found a transporter.
  1798 | D:3      | Noticed Dega's ghost (amateur DsFi)
  1979 | D:3      | Found an opulent altar of Gozag.
  1980 | D:3      | Found a transporter.
  2037 | D:3      | Noticed Natasha
  2043 | D:3      | Killed Natasha
  2052 | D:3      | Reached XP level 5. HP: 55/59 MP: 5/5
  2068 | D:3      | Noticed Natasha
  2075 | D:3      | Killed Natasha
  2076 | D:3      | Reached skill level 6 in Fighting
  2230 | D:3      | Noticed Natasha
  2237 | D:3      | Killed Natasha
  2343 | D:4      | HP: 23/61 [orc/+0 flail (4)]
  2495 | D:4      | Reached skill level 1 in Maces & Flails
  2495 | D:4      | Reached XP level 6. HP: 68/68 MP: 6/6
  2529 | D:4      | Noticed Sigmund
  2560 | D:4      | HP: 27/68 [something/puff of flame (8)]
  2564 | D:4      | Killed Sigmund
  2565 | D:4      | Reached skill level 7 in Fighting
  2565 | D:4      | Reached XP level 7. HP: 23/78 MP: 7/7
  3104 | D:3      | HP: 19/78 [orc priest/divine providence (13)]
  3264 | D:3      | HP: 30/79 [iguana (12)]
  3595 | D:4      | Found a radiant altar of Vehumet.
  3792 | D:5      | Entered Level 5 of the Dungeon
  3804 | D:5      | Reached skill level 8 in Fighting
  3825 | D:5      | Noticed Ijyb
  3828 | D:5      | Killed Ijyb
  3870 | D:5      | HP: 32/80 [orc/+0 short sword (2)]
  3882 | D:4      | HP: 32/80 [hound (3)]
  3888 | D:4      | Reached skill level 5 in Throwing
  4145 | D:5      | Reached XP level 8. HP: 89/89 MP: 8/8
  4263 | D:5      | Found a sand-covered staircase.
  4272 | Ossuary  | Entered an ossuary
  4731 | D:5      | Found a shimmering blue altar of Sif Muna.
  4796 | D:5      | Found Tann's General Store.
  4799 | D:5      | Bought a scroll of identify for 24 gold pieces
  4800 | D:5      | Bought a scroll of enchant weapon for 90 gold pieces
  5020 | D:6      | Noticed Blork the orc
  5029 | D:6      | Killed Blork the orc
  5030 | D:6      | Reached skill level 9 in Fighting
  5082 | D:6      | Found a staircase to the Ecumenical Temple.
  5153 | D:6      | Reached skill level 5 in Maces & Flails
  5175 | D:6      | Noticed Grinder
  5176 | D:6      | HP: 34/93 [ogre/+0 giant club (11)]
  5471 | D:5      | Bought a scroll of fear for 48 gold pieces
  5471 | D:5      | Bought a potion of curing for 36 gold pieces
  5488 | D:5      | Reached XP level 9. HP: 89/101 MP: 9/9
  5520 | D:6      | Found a broken altar of Ashenzari.
  5527 | D:6      | Noticed Duvessa
  5534 | D:6      | Noticed Dowan
  5539 | D:6      | Killed Duvessa
  5540 | D:6      | Reached skill level 10 in Fighting
  5542 | D:6      | Killed Dowan
  5634 | D:6      | Grinder changed into Grinder the cerulean imp
  5634 | D:6      | Noticed Grinder
  5641 | D:6      | Killed Grinder the cerulean imp
  5707 | Temple   | Entered the Ecumenical Temple
  5729 | Temple   | Became a worshipper of Dithmenos the Shadowed
  5790 | D:6      | Found Omossa's Jewellery Shoppe.
  5816 | D:6      | Found a glowing golden altar of the Shining One.
  5885 | D:6      | Identified the +8 dagger "Afefrur" {holy, Dex+3}
  6541 | D:7      | Found a white marble altar of Elyvilon.
  6543 | D:7      | Found an iron altar of Okawaru.
  6732 | D:8      | Noticed a hornet
  6734 | D:8      | a hornet changed into a swamp drake
  6805 | D:8      | Gained mutation: You have a somewhat thin skeletal
                  | structure. (Dex +2, Stealth+) [potion of mutation]
  6805 | D:8      | Gained mutation: Your muscles are strong. (Str +4, Int/Dex
                  | -1) [potion of mutation]
  6805 | D:8      | Gained mutation: You have supernaturally acute eyesight.
                  | (SInv) [potion of mutation]
  6910 | D:8      | Reached skill level 11 in Fighting
  7105 | D:8      | HP: 36/105 [wyvern (12)]
  7113 | D:8      | HP: 35/105 [kobold brigand/+0 whip (1)]
  7116 | D:8      | Reached XP level 10. HP: 39/114 MP: 10/10
  7358 | D:8      | Reached * piety under Dithmenos
  7585 | D:8      | Paralysed by a hornet for 2 turns
  7758 | D:8      | Paralysed by a hornet for 3 turns
  8064 | D:8      | Found a sacrificial altar of Ru.
  8320 | D:9      | Paralysed by a hornet for 3 turns
  8335 | D:9      | Paralysed by a hornet for 3 turns
  8341 | D:9      | Reached skill level 12 in Fighting
  8343 | D:9      | HP: 46/115 [poisoned by a hornet]
  8548 | D:9      | Identified the -1 cloak of Neressy {Regen+ SInv}
  8552 | D:9      | Found a blossoming altar of Fedhas.
  8555 | D:9      | Found a shimmering altar of Xom.
  8578 | D:9      | Reached ** piety under Dithmenos
  8868 | D:9      | HP: 46/115 [poisoned by a killer bee]
  8873 | D:9      | HP: 33/115 [poisoned by a killer bee]
  8878 | D:9      | HP: 16/115 [poisoned by a killer bee]
  8883 | D:9      | HP: 15/115 [poisoned by a killer bee]
  9562 | D:6      | Bought a +4 ring of protection for 468 gold pieces
  9629 | D:10     | Entered Level 10 of the Dungeon
  9630 | D:10     | Noticed Snorg
  9689 | D:10     | Reached skill level 10 in Maces & Flails
  9689 | D:10     | Reached XP level 11. HP: 87/124 MP: 11/11
  9916 | D:10     | Reached *** piety under Dithmenos
  9984 | D:10     | Noticed Erolcha
 10044 | D:10     | Noticed Harold
 10059 | D:10     | Killed Harold
 10062 | D:10     | Reached skill level 13 in Fighting
 10098 | D:10     | Identified the +0 scale mail "Nelyr" {-Tele Dex+6}
 10336 | D:10     | Learned a level 4 spell: Olgreb's Toxic Radiance
 10362 | D:10     | Killed Snorg
 10390 | D:10     | Reached skill level 1 in Spellcasting
 10523 | D:10     | Reached skill level 1 in Alchemy
 10694 | D:10     | Found a staircase to the Orcish Mines.
 10942 | D:11     | Noticed a purple ugly thing
 10953 | D:11     | Killed a purple ugly thing
 11057 | D:11     | Noticed a brown ugly thing
 11073 | D:11     | Killed a brown ugly thing
 11133 | D:11     | Found a staircase to the Lair.
 11133 | D:11     | Noticed an oklob plant
 11258 | D:11     | Noticed a two-headed ogre
 11264 | D:11     | Killed a two-headed ogre
 11265 | D:11     | Reached skill level 10 in Throwing
 11785 | D:11     | Killed an oklob plant
 11804 | Lair:1   | Entered Level 1 of the Lair of Beasts
 11819 | Lair:1   | Reached XP level 12. HP: 115/137 MP: 15/17
 11822 | Lair:1   | Learned a level 2 spell: Mercury Vapours
 11870 | Lair:1   | Reached skill level 14 in Fighting
 12042 | Lair:1   | Reached skill level 1 in Air Magic
 12045 | Lair:1   | Noticed a catoblepas
 12131 | Lair:1   | Killed a catoblepas
 12132 | Lair:1   | Reached skill level 5 in Spellcasting
 12712 | Lair:2   | Identified the +3 hand axe of the Scroll {holy, Will+
                  | Str+2}
 12714 | Lair:2   | Noticed a seven-headed hydra
 12813 | Lair:2   | Reached **** piety under Dithmenos
 12894 | Lair:2   | Reached skill level 5 in Alchemy
 13058 | Lair:2   | Reached skill level 15 in Fighting
 13091 | Lair:2   | Killed a seven-headed hydra
 13357 | Lair:2   | Identified the +8 hand axe of Mint {heavy, Will+}
 13379 | Lair:2   | Reached XP level 13. HP: 136/150 MP: 16/20
 13496 | Lair:2   | Learned a level 4 spell: Ignite Poison
 13627 | Lair:2   | Found a staircase to the Snake Pit.
 13793 | Lair:2   | Found a staircase to the Swamp.
 13803 | Lair:2   | HP: 48/150 [cane toad (15)]
 13808 | Lair:2   | HP: 38/150 [wolf (8)]
 13886 | Lair:2   | Reached skill level 1 in Fire Magic
 14170 | Lair:2   | Noticed Gastronok
 14182 | Lair:2   | Killed Gastronok
 14741 | Lair:3   | Found a radiant altar of Vehumet.
 15365 | Lair:3   | Reached ***** piety under Dithmenos
 15904 | Lair:4   | Learned a level 2 spell: Scorch
 15909 | Lair:4   | Learned a level 4 spell: Sticky Flame
 16011 | Lair:4   | You fall into a shaft and drop 1 floor!
 16011 | Lair:5   | Entered Level 5 of the Lair of Beasts
 16085 | Lair:5   | Found a staircase to the Slime Pits.
 16092 | Lair:5   | Found a viscous altar of Jiyva.
 16948 | Lair:5   | Reached skill level 1 in Dodging
 16967 | Lair:5   | Reached XP level 14. HP: 151/159 MP: 16/25
 17322 | Lair:5   | Identified a scroll of acquirement
 17322 | Lair:5   | Acquired the amulet "Siwkyu" {Acrobat Slay+5}
 17530 | Lair:5   | HP: 58/159 [skyshark (6)]
 17767 | Lair:5   | Learned a level 4 spell: Flame Wave
 17800 | Lair:5   | Reached skill level 5 in Fire Magic
 18164 | Lair:5   | Found a burning altar of Makhleb.
 18437 | Lair:5   | Reached skill level 16 in Fighting
 18452 | Lair:5   | HP: 53/162 [death yak (23)]
 18718 | Lair:5   | Noticed a dire elephant
 18730 | Lair:5   | Killed a dire elephant
 18730 | Lair:5   | Reached ****** piety under Dithmenos
 19178 | Lair:5   | Identified the +9 glaive of Bread {venom, rC+ rN+ Str+3}
 19597 | Orc:1    | Entered Level 1 of the Orcish Mines
 19632 | Orc:1    | HP: 58/163 [two-headed ogre/+0 giant spiked club (19)]
 20061 | Orc:2    | Entered Level 2 of the Orcish Mines
 20376 | Orc:1    | Found Ceohic's Assorted Antiques.
 20390 | Orc:1    | Reached skill level 1 in Conjurations
 20546 | Orc:1    | Reached XP level 15. HP: 148/171 MP: 15/27
 20713 | Orc:2    | Found a staircase to the Elven Halls.
 20722 | Orc:2    | Found a roughly hewn altar of Beogh.
 21032 | Orc:2    | Reached skill level 5 in Dodging
 21151 | Orc:2    | Found Beic's Weapon Emporium.
 21151 | Orc:2    | Found Vufu's Book Boutique.
 21195 | Orc:2    | Found Dodyex's Book Emporium.
 21195 | Orc:2    | Found Visor's Antique Weapon Boutique.
 21766 | D:12     | Noticed Fannar
 21772 | D:12     | Killed Fannar
 21955 | D:12     | Noticed Psyche
 21959 | D:12     | Killed Psyche
 21969 | D:12     | Reached skill level 17 in Fighting
 22752 | D:13     | HP: 63/174 [vault guard/+2 long sword of holy wrath (16)]
 22757 | D:13     | HP: 49/174 [vault guard/+2 long sword of holy wrath (13)]
 23065 | D:10     | Killed Erolcha
 23218 | Elf:1    | Entered Level 1 of the Elven Halls
 23615 | Elf:1    | HP: 51/174 [deep elf knight/+0 scimitar (20)]
 24404 | Elf:1    | Got the Guide on the Union
 24915 | Elf:2    | Found Gefret's Antique Weapon Boutique.
 24932 | Elf:2    | Got the Incunabulum of the Nimbus
 24939 | Elf:2    | Learned a level 5 spell: Irradiate
 25028 | Elf:2    | Reached skill level 10 in Spellcasting
 25053 | Elf:2    | Reached XP level 16. HP: 121/184 MP: 30/30
 25055 | Elf:2    | HP: 71/184 [+0 vampiric halberd (14)]
 25453 | Swamp:1  | Entered Level 1 of the Swamp
 25621 | Swamp:1  | Noticed a thorn hunter
 25628 | Swamp:1  | Killed a thorn hunter
 25629 | Swamp:1  | Reached skill level 1 in Armour
 26785 | Swamp:2  | Reached skill level 18 in Fighting
 27430 | Swamp:2  | HP: 73/185 [seven-headed hydra (8)]
 27716 | Swamp:2  | Reached skill level 5 in Conjurations
 27746 | Swamp:2  | Learned a level 2 spell: Call Imp
 27998 | Swamp:3  | Acquired the +1 cloak "Enaeg" {rC+ SInv}
 28308 | Swamp:3  | Reached skill level 15 in Maces & Flails
 28597 | Swamp:4  | Entered Level 4 of the Swamp
 28626 | Swamp:4  | Noticed a thorn hunter
 28709 | Swamp:4  | HP: 69/187 [acid (10)]
 28710 | Swamp:4  | HP: 31/187 [acid (8)]
 28711 | Swamp:4  | HP: 13/187 [spriggan druid/angry trees (19)]
 28711 | Swamp:4  | HP: 1/187 [goliath frog (12)]
 28711 | Swamp:4  | Splashed by a goliath frog's acid

Illustrated notes

Levels and vault maps discovered:
D:1:      ldierk_walled_garden_2, layout_rooms, serial_shops,
          nicolae_square_shop, st_stairs_1, supply_closet_lemuel
D:2:      layout_loops_ring
D:3:      layout_rooms, nicolae_gozag_seed_capital, gammafunk_ghost_stat_death,
          shapermc_ecumenical_altar_mp_highgroup, serial_forest,
          infiniplex_forest_diagonal, infiniplex_forest_clump_small,
          infiniplex_forest_straight_3, infiniplex_forest_lined_3_way,
          infiniplex_forest_clump_long, infiniplex_forest_lined_3_way,
          uniq_natasha
D:4:      layout_rooms, vehumet_altar_wand_db, minmay_misc_feat_nine_boxes,
          serial_bayou_pond_c, grunt_tough_drop, uniq_sigmund
D:5:      layout_rooms, mainiacjoe_overflow_catwalk, gup_ossuary_entry_pyramid,
          serial_shops, nicolae_shop_real_fake_doors, uniq_ijyb
D:6:      layout_rooms, ashenzari_conservatory_becter, lemuel_doored_altar,
          minmay_temple_entry_ruins, amcnicky_mini_pool_small,
          minmay_shop_enchanted_jewellery, uniq_grinder, uniq_blork_the_orc,
          uniq_duvessa
D:7:      layout_rooms, nicolae_overflow_hidden_temple
D:8:      layout_loops_ring, nicolae_ru_the_path_less_chosen,
          introduction_to_nature_2
D:9:      layout_cave_pods, mainiacjoe_overflow_chevrons,
          nicolae_overflow_crystal_walls
D:10:     layout_loops_ring, hiddenorc1_lemuel, serial_bayou_ford_a,
          uniq_harold, uniq_snorg, uniq_erolcha
D:11:     layout_roguey, dpeg_oklobed_lair
D:12:     layout_loops_ring, uniq_fannar, uniq_psyche
D:13:     layout_irregular_city, hellmonk_vaults_order_and_chaos, enter_trove_5
Temple:   nicolae_temple_slightly_damp_pantheon
Lair:1:   layout_loops_ring, fungi_pond_lemuel, lemuel_fruit_fields,
          grunt_megastairs_3
Lair:2:   layout_hall_layers, mainiacjoe_swamp_entry_angry_trees,
          nicolae_snake_entry_warm_welcome, grunt_megastairs_2, uniq_gastronok
Lair:3:   layout_regular_city, basic_altar, grunt_megastairs_5
Lair:4:   layout_loops_ring, lemuel_fruit_fields, lemuel_fruit_fields,
          lemuel_fruit_tree, infiniplex_staircase_pool_2
Lair:5:   grunt_lair_end_beastmaster, layout_regular_city,
          nicolae_slime_entry_field_trip, lemuel_centaur_altar
Swamp:1:  cheibrodos_swamp_tower_of_moss, layout_basic_swamp,
          evilmike_swamp_ruin_house_2, infiniplex_staircase_pool
Swamp:2:  layout_basic_swamp, hangedman_swamp_blocks, swamp_pool_3
Swamp:3:  layout_basic_swamp, evilmike_swamp_ruin_rubble_2
Swamp:4:  swamp_icy, layout_basic_swamp, swamp_pool_5
Orc:1:    layout_caves, serial_shops, shop
Orc:2:    grunt_orc_tribal_feast, layout_caves, basic_altar
Elf:1:    eino_elf_arrival_customs, layout_gridlike, minmay_elf_demonology
Elf:2:    nicolae_elf_blades_crystal_corner, layout_loops_corners, serial_shops,
          shop, basic_altar, uniq_norris

Skill      XL: |  1  2  3  4  5  6  7  8  9 10 11 12 13 14 15 16 |
---------------+-------------------------------------------------+-----
Fighting       | 3 4 5 6 7 8 9 11 12 13 15 16 17 18 | 18.3
Stealth        | 3 |  3.0
Short Blades   | 2 |  2.0
Throwing       | 3 4 5 6 7 9 10 11 12 | 12.0
Maces & Flails | 1 2 3 5 7 10 11 12 13 14 15 | 15.0
Spellcasting   | 3 5 7 8 10 | 10.0
Alchemy        | 3 5 7 8 |  8.2
Air Magic      | 1 |  1.0
Fire Magic     | 4 6 7 8 |  8.2
Dodging        | 1 4 6 |  6.0
Conjurations   | 1 3 5 |  5.5
Armour         | 4 |  4.1

Action                     |  1- 3 |  4- 6 |  7- 9 | 10-12 | 13-15 | 16-18 || total
---------------------------+-------+-------+-------+-------+-------+-------++-------
  Melee: Dagger            |    36 |       |       |       |       |       ||    36
         Headbutt          |    14 |    17 |    64 |   106 |   165 |    41 ||   407
         Short sword       |    51 |    63 |       |       |       |       ||   114
         Whip              |       |     4 |   320 |   148 |       |       ||   472
         Dire flail        |       |       |     6 |   368 |   632 |   172 ||  1178
  Throw: Dart              |     3 |    13 |    27 |    46 |     1 |     1 ||    91
         Boomerang         |     5 |    13 |    41 |    83 |    17 |    25 ||   184
         Stone             |       |     5 |       |    19 |    63 |       ||    87
         Throwing net      |       |       |       |     1 |     4 |       ||     5
         Javelin           |       |       |       |       |     7 |     1 ||     8
         Large rock        |       |       |       |       |       |    29 ||    29
   Cast: Mercury Vapours   |       |       |       |    15 |    13 |       ||    28
         Olgreb's Toxic Ra |       |       |       |       |    57 |    33 ||    90
         Ignite Poison     |       |       |       |       |    24 |    15 ||    39
         Scorch            |       |       |       |       |    16 |     8 ||    24
         Sticky Flame      |       |       |       |       |     3 |       ||     3
         Flame Wave        |       |       |       |       |     1 |     3 ||     4
         Call Imp          |       |       |       |       |       |     4 ||     4
 Invoke: Shadow Step       |       |       |       |     1 |     4 |     1 ||     6
  Evoke: Wand              |       |       |    11 |    14 |     1 |     1 ||    27
         Phantom mirror    |       |       |       |       |     1 |       ||     1
    Use: Scroll            |     4 |       |    15 |     6 |    10 |     4 ||    39
         Potion            |       |       |     4 |     5 |     5 |       ||    14
   Stab: Sleeping          |     8 |     2 |     1 |     3 |    22 |       ||    36
         Petrified         |       |       |       |     2 |     6 |       ||     8
         Petrifying        |       |       |       |     1 |     2 |       ||     3
         Distracted        |       |       |       |     1 |     1 |     1 ||     3
         Held in net/web   |       |       |       |       |     2 |       ||     2
         Invisible         |       |       |       |       |     1 |       ||     1
 Armour: Robe              |    42 |    51 |    96 |   143 |   423 |   181 ||   936
         Fire dragon scale |       |       |   144 |       |       |    58 ||   202
         Steam dragon scal |       |       |    32 |   233 |       |       ||   265
  Dodge: Dodged            |    31 |    30 |   114 |   204 |   249 |    81 ||   709

Table legend: (Time is in decaauts)
 A = Elapsed time spent in this place.
 B = Non-inter-level travel time spent in this place.
 C = Inter-level travel time spent in this place.
 D = Time resting spent in this place.
 E = Time spent auto-exploring this place.
 F = Levels seen in this place.
 G = Mean time per level.
                   A        B        C        D        E       F      G
               +--------+--------+--------+--------+--------+-----+--------+
         Total |  28137 |  26264 |   1873 |   5508 |  14727 |  28 | 1004.9 |
       Dungeon |  13267 |  12303 |    964 |   2339 |   7128 |  13 | 1020.5 |
        Temple |     41 |      5 |     36 |      0 |      3 |   1 |   41.0 |
          Lair |   7575 |   7243 |    332 |   1465 |   4367 |   5 | 1515.0 |
         Swamp |   3212 |   2990 |    222 |    883 |   1514 |   4 |  803.0 |
  Orcish Mines |   1797 |   1571 |    226 |    326 |    918 |   2 |  898.5 |
   Elven Halls |   1930 |   1839 |     91 |    494 |    595 |   2 |  965.0 |
       Ossuary |    312 |    312 |      0 |      0 |    202 |   1 |  312.0 |
               +--------+--------+--------+--------+--------+-----+--------+

Top non-repeatable levels by time:
  Lair:5: 2578 daAuts
  Lair:2: 1726 daAuts
     D:8: 1619 daAuts
    D:10: 1500 daAuts
   Elf:1: 1377 daAuts
  Lair:3: 1255 daAuts
     D:9: 1253 daAuts
     D:4: 1226 daAuts
     D:3: 1195 daAuts
 Swamp:1: 1192 daAuts
 Swamp:2: 1175 daAuts
    D:12: 1130 daAuts
   Orc:2: 1070 daAuts
    D:11: 1020 daAuts
  Lair:4: 1017 daAuts

Table legend: (Time is in decaauts)
 A = Elapsed time spent in this place.
 B = Non-inter-level travel time spent in this place.
 C = Inter-level travel time spent in this place.
 D = Time resting spent in this place.
 E = Time spent auto-exploring this place.
 F = Levels seen in this place.
 G = Mean time per level.
                   A        B        C        D        E       F      G
               +--------+--------+--------+--------+--------+-----+--------+
         Total |  28137 |  26264 |   1873 |   5508 |  14727 |  28 | 1004.9 |
       Dungeon |  13267 |  12303 |    964 |   2339 |   7128 |  13 | 1020.5 |
        Temple |     41 |      5 |     36 |      0 |      3 |   1 |   41.0 |
          Lair |   7575 |   7243 |    332 |   1465 |   4367 |   5 | 1515.0 |
         Swamp |   3212 |   2990 |    222 |    883 |   1514 |   4 |  803.0 |
  Orcish Mines |   1797 |   1571 |    226 |    326 |    918 |   2 |  898.5 |
   Elven Halls |   1930 |   1839 |     91 |    494 |    595 |   2 |  965.0 |
       Ossuary |    312 |    312 |      0 |      0 |    202 |   1 |  312.0 |
               +--------+--------+--------+--------+--------+-----+--------+

Top non-repeatable levels by time:
  Lair:5: 2578 daAuts
  Lair:2: 1726 daAuts
     D:8: 1619 daAuts
    D:10: 1500 daAuts
   Elf:1: 1377 daAuts
  Lair:3: 1255 daAuts
     D:9: 1253 daAuts
     D:4: 1226 daAuts
     D:3: 1195 daAuts
 Swamp:1: 1192 daAuts
 Swamp:2: 1175 daAuts
    D:12: 1130 daAuts
   Orc:2: 1070 daAuts
    D:11: 1020 daAuts
  Lair:4: 1017 daAuts

Table legend:
 A = Kills in this place as a percentage of kills in the entire game.
 B = Kills by you in this place as a percentage of kills by you in the entire game.
 C = Kills by friends in this place as a percentage of kills by friends in the entire game.
 D = Other kills in this place as a percentage of other kills in the entire game.
 E = Experience gained in this place as a percentage of experience gained in the entire game.
 F = Experience gained in this place divided by the number of levels of this place that you have seen.
                   A       B       C       D       E      F
               +-------+-------+-------+-------+-------+----------------------
         Total | 100.0 | 100.0 |   N/A | 100.0 | 100.0 | 6032.4
       Dungeon |  42.8 |  43.0 |   N/A |   0.0 |  20.5 | 2657.5
          Lair |  28.4 |  28.5 |   N/A |   0.0 |  34.2 | 11569.4
         Swamp |   8.7 |   8.6 |   N/A |  50.0 |  22.4 | 9451.2
  Orcish Mines |  13.2 |  13.1 |   N/A |  50.0 |  11.2 | 9435.5
   Elven Halls |   4.7 |   4.7 |   N/A |   0.0 |  11.7 | 9841.5
       Ossuary |   2.2 |   2.2 |   N/A |   0.0 |   0.1 | 153.0
               +-------+-------+-------+-------+-------+----------------------
